 Dungeon Crawl Stone Soup version 0.24.0-123-gd5b16e6ec5 (webtiles) character file.

Game seed: 16679840538517589780, levelgen mode: deterministic

10671 Teneriaft the Basher (level 11, 0/72 HPs)
             Began as a Gargoyle Monk on Dec 30, 2019.
             Was an Elder of Trog.
             Slain by a minotaur
             ... wielding a +3 glaive of chopping
              (16 damage)
             ... in a Gauntlet on Jan 3, 2020.
             The game lasted 01:04:26 (13956 turns).

Teneriaft the Basher (Gargoyle Monk)               Turns: 13956, Time: 01:04:26

Health: 0/72       AC: 27    Str: 17    XL:     11   Next: 65%
Magic:  14/14      EV:  7    Int: 16    God:    Trog [****..]
Gold:   426        SH: 12    Dex: 12    Spells: 10/10 levels left

rFire    . . .     SeeInvis +   a - +1 morningstar
rCold    . . .     Gourm    .   w - +1 buckler
rNeg     + . .     Faith    .   M - +0 plate armour
rPois    ∞         Spirit   .   K - +3 crown of Dyrovepreva {rElec Int+2 SInv}
rElec    +         Reflect  +   n - +0 cloak {MR+}
rCorr    .         Harm     .   d - +0 pair of gloves
MR       +++..     NoTele   +   (no boots)
Stlth    ..........             H - +6 amulet of reflection
HPRegen  1.22/turn              Q - +2 ring of intelligence
MPRegen  0.14/turn              (no ring)

@: berserk cooldown, regenerating, hasted and slowed
A: negative energy resistance 1, electricity resistance, unbreathing,
petrification resistance, rot immunity, AC +8
a: Berserk, Trog's Hand, Brothers in Arms, Renounce Religion


You were in a Gauntlet.
You worshipped Trog.
Trog was greatly pleased with you.
You were hungry.

You visited 1 branch of the dungeon, and saw 11 of its levels.
You also visited: Gauntlet.

You collected 695 gold pieces.
You spent 269 gold pieces at shops.

Inventory:

Hand Weapons
 a - a +1 morningstar (weapon)
 b - the +10 hand crossbow of Aggotha {velocity, Dex+2}
   (You found it on level 7 of the Dungeon)

   Any bolt fired from it inflicts extra damage.
   It affects your dexterity (+2).
 r - a +2 hand axe of venom
Missiles
 e - 93 bolts
 B - 4 throwing nets (quivered)
Armour
 d - a +0 pair of gloves (worn)
 n - a +0 cloak of magic resistance (worn)
 q - a +0 cloak
 w - a +1 buckler (worn)
 y - the +0 pair of gloves of the Cricket {*Slow MR++ Str+3 Dex-2}
   (You found it in a Gauntlet)

   It affects your strength (+3).
   It affects your dexterity (-2).
   It affects your resistance to hostile enchantments.
   It may slow you when you take damage.
 K - the +3 crown of Dyrovepreva (worn) {rElec Int+2 SInv}
   (You found it on level 7 of the Dungeon)

   It affects your intelligence (+2).
   It insulates you from electricity.
   It lets you see invisible.
 M - a +0 plate armour (worn)
 P - +0 steam dragon scales
Jewellery
 o - an uncursed amulet of guardian spirit
 D - a +4 amulet of reflection
 E - an uncursed ring of ice
 G - an uncursed amulet of the acrobat {unknown}
 H - a +6 amulet of reflection (around neck)
 Q - a +2 ring of intelligence (left hand)
Wands
 j - a wand of acid (11)
 k - a wand of paralysis (13)
 m - a wand of digging (5)
 p - a wand of polymorph (10)
 u - a wand of random effects (27)
 J - a wand of flame (21)
Scrolls
 f - 4 scrolls of remove curse
 i - a scroll of fear
 t - a scroll of magic mapping
 z - 3 scrolls of fog
Potions
 g - a potion of agility
 h - 4 potions of curing
 s - a potion of magic {unknown}
 v - a potion of cancellation {unknown}
 x - a potion of resistance
 A - a potion of brilliance {unknown}
 C - 2 potions of invisibility
 F - a potion of flight {unknown}
 I - a potion of lignification {unknown}
 L - 4 potions of might
 R - a potion of berserk rage {unknown}
Comestibles
 c - 14 rations
 l - 3 chunks of flesh


   Skills:
 + Level 9.6 Fighting
 * Level 10.8 Maces & Flails
 + Level 5.0 Crossbows
 + Level 8.2 Armour
 - Level 3.7 Dodging
 - Level 2.1 Stealth
 - Level 5.0 Shields
 - Level 5.0 Evocations


You had 10 spell levels left.
You didn't know any spells.
Your spell library was empty.

Dungeon Overview and Level Annotations

Branches:
Dungeon (11/15)            Temple (0/1) D:7            Lair (0/6) D:8
    Orc (0/2) D:10        Gauntlet (1/1)

Altars:
Kikubaaqudgha
Makhleb
Trog

Shops:
D:4 [!*}   D:5 !(*%   D:6 %

Annotations:
Gauntlet 12 transporters, 21 runed translucent doors, exclusion: oklob plant


Innate Abilities, Weirdness & Mutations

You are resistant to torment.
Your stone body is resilient. (AC +8)
You are immune to poison.
You resist negative energy. (rN+)
You are resistant to electric shocks. (rElec)
You can survive without breathing.
You are immune to petrification.
You are immune to rotting.


Message History

You barely miss the minotaur.
The minotaur is almost dead.
You block the minotaur's attack. The minotaur gores you.
The minotaur hits you with a +3 glaive of chopping!
The minotaur barely misses you.
Your plate armour prevents you from hitting the minotaur.
The minotaur furiously retaliates!
The minotaur headbutts you!
The minotaur is almost dead.
The minotaur hits you with a +3 glaive of chopping!
* * * LOW HITPOINT WARNING * * *
x2 You block the minotaur's attack.
Okay, then.
As you read the scroll of fear, it crumbles to dust.
You assume a fearsome visage.
The minotaur resists with almost no effort.
The minotaur hits you but does no damage.
The minotaur gores you but does no damage.
You feel yourself speed up.
The minotaur hits you with a +3 glaive of chopping!
You die...

≈≈≈≈ ≈H≈ ... ###.### .....
#######'####### #.....((..H...#
#.###.###.###H# #.###.###.###@#
#.............# ###.###.###.###
#####.###.###.#####
#≈...............≈#
##8..©.©.©.©.©.©..8#### ### ### #
##≈...............≈##8# #8# #8# #
#################################
.........≈∩≈.....................


You could see a minotaur.

Vanquished Creatures
  A two-headed ogre (D:9)
  Pikel (D:8)
  2 manticores
  2 trolls
  A tyrant leech (Gauntlet)
  Grinder (D:4)
  3 hippogriffs
  3 slime creatures (Gauntlet)
  2 wraiths (D:9)
  Eustachio (D:6)
  A steam dragon (D:9)
  Menkaure (D:5)
  3 swamp worms (Gauntlet)
  A water moccasin (D:7)
  5 orc warriors
  4 sky beasts
  A necrophage (D:9)
  6 small abominations (Gauntlet)
  11 ogres
  6 centaurs
  3 big kobolds (D:10)
  An elf zombie (D:9)
  5 bullfrogs
  3 gnoll sergeants (D:10)
  2 scorpions
  A water moccasin skeleton (D:9)
  5 killer bees (D:7)
  2 wights (D:9)
  3 howler monkeys
  5 crimson imps
  A bullfrog zombie (D:9)
  A jelly (Gauntlet)
  A quasit (D:10)
  4 hounds
  Crazy Yiuf (D:3)
  2 bullfrog skeletons
  9 orc priests
  A gnoll shaman (D:8)
  Natasha (thrice) (D:3)
  2 human zombies (D:9)
  2 iguanas
  7 worker ants
  4 orc wizards
  2 human skeletons (D:9)
  A hound zombie (D:6)
  A hound skeleton (D:10)
  2 mummies (D:9)
  22 gnolls
  4 adders
  4 shadow imps
  2 oozes
  An adder skeleton (D:6)
  5 worms
  4 dart slugs
  5 leopard geckos
  26 orcs
  A ball python (D:1)
  10 bats
  6 giant cockroaches
  8 goblins
  5 hobgoblins
  9 jackals
  4 quokkas
  7 frilled lizards
  5 kobolds
  A leopard gecko zombie (D:6)
  5 rats
264 creatures vanquished.

Vanquished Creatures (others)
  A gnoll (D:8)
  A demonic plant (Gauntlet)
  7 withered plants (Gauntlet)
9 creatures vanquished.

Grand Total: 273 creatures vanquished

Notes
Turn   | Place    | Note
-------+----------+-------------------------------------------
     0 | D:1      | Teneriaft the Gargoyle Monk began the quest for the Orb.
     0 | D:1      | Reached XP level 1. HP: 14/14 MP: 1/1
   335 | D:1      | Reached XP level 2. HP: 16/19 MP: 2/2
   734 | D:1      | Reached skill level 1 in Armour
   734 | D:1      | Reached XP level 3. HP: 18/23 MP: 3/3
  1745 | D:2      | Reached XP level 4. HP: 29/29 MP: 4/4
  2576 | D:3      | Reached skill level 4 in Maces & Flails
  2993 | D:3      | Reached XP level 5. HP: 15/33 MP: 5/5
  3003 | D:3      | Reached skill level 1 in Evocations
  3558 | D:3      | Noticed Natasha
  3573 | D:3      | Killed Natasha
  3580 | D:3      | Noticed Natasha
  3599 | D:3      | Killed Natasha
  3809 | D:3      | Found a runed translucent door.
  3810 | D:3      | Noticed Crazy Yiuf
  4366 | D:3      | Noticed Natasha
  4379 | D:3      | Killed Natasha
  4379 | D:3      | Reached XP level 6. HP: 30/38 MP: 5/7
  4885 | D:3      | Killed Crazy Yiuf
  5126 | D:4      | Found Usaigem's Gadget Shoppe.
  5126 | D:4      | Noticed Grinder
  5129 | D:4      | Paralysed by Grinder for 6 turns
  5151 | D:4      | Paralysed by Grinder for 4 turns
  5160 | D:4      | Killed Grinder
  5160 | D:4      | Reached skill level 5 in Maces & Flails
  5160 | D:4      | Reached XP level 7. HP: 23/44 MP: 8/8
  5317 | D:4      | Bought a wand of paralysis (12) for 140 gold pieces
  5475 | D:4      | Found Ofumyu's General Store.
  5589 | D:4      | Reached skill level 5 in Fighting
  6016 | D:4      | Found Yshrouxeq's Armour Boutique.
  6051 | D:4      | Found Wuzxaedu's Distillery.
  6080 | D:4      | Bought a +0 buckler for 49 gold pieces
  6418 | D:5      | Entered Level 5 of the Dungeon
  6534 | D:5      | Found Julinod's Distillery.
  6590 | D:5      | Reached skill level 6 in Maces & Flails
  6590 | D:5      | Reached skill level 1 in Shields
  6866 | D:5      | Noticed Menkaure
  6889 | D:5      | Killed Menkaure
  6889 | D:5      | Reached XP level 8. HP: 31/50 MP: 7/10
  7084 | D:5      | Found Jaeppus's Food Boutique.
  7126 | D:5      | Found Cunawoot's Antique Weapon Shop.
  7239 | D:5      | Found Pujufuah's Assorted Antiques.
  7391 | D:5      | Bought a morningstar for 80 gold pieces
  7547 | D:6      | Found Gugriac's Food Shop.
  7994 | D:6      | Noticed Eustachio
  8065 | D:6      | Killed Eustachio
  8111 | D:6      | Reached XP level 9. HP: 56/56 MP: 10/12
  8219 | D:6      | Reached skill level 7 in Maces & Flails
  8244 | D:6      | Noticed a manticore
  8264 | D:6      | Killed a manticore
  8735 | D:7      | Reached skill level 5 in Armour
  8850 | D:7      | Found a bloodstained altar of Trog.
  8866 | D:7      | Got a shimmering hand crossbow
  8867 | D:7      | Identified the +10 hand crossbow of Aggotha {velocity,
                  | Dex+2} (You found it on level 7 of the Dungeon)
  8872 | D:7      | Became a worshipper of Trog the Wrathful
  8872 | D:7      | Reached * piety under Trog
  8872 | D:7      | Reached ** piety under Trog
  8893 | D:7      | Found a staircase to the Ecumenical Temple.
  8974 | D:7      | Found the +3 crown of Dyrovepreva {rElec Int+2 SInv}
  9016 | D:7      | Found a burning altar of Makhleb.
  9024 | D:7      | Identified the +9 whip of the Unliving {slash, *Slow rC+
                  | rN+ MP+9}
  9252 | D:7      | Reached skill level 5 in Shields
  9252 | D:7      | Reached skill level 5 in Evocations
  9579 | D:7      | Reached XP level 10. HP: 48/63 MP: 10/13
  9854 | D:8      | Reached skill level 8 in Maces & Flails
 10094 | D:8      | Reached skill level 1 in Crossbows
 10296 | D:8      | Noticed Pikel
 10310 | D:8      | Killed Pikel
 10377 | D:8      | Reached *** piety under Trog
 10760 | D:8      | Found a staircase to the Lair.
 11157 | D:9      | Reached skill level 9 in Maces & Flails
 11349 | D:9      | Noticed a two-headed ogre
 11359 | D:9      | Killed a two-headed ogre
 11707 | D:9      | Reached XP level 11. HP: 69/69 MP: 14/14
 11853 | D:9      | Found an ancient bone altar of Kikubaaqudgha.
 11879 | D:9      | Reached **** piety under Trog
 11916 | D:9      | Reached skill level 10 in Maces & Flails
 11969 | D:10     | Entered Level 10 of the Dungeon
 12281 | D:10     | Found a staircase to the Orcish Mines.
 12851 | D:11     | Found a gate leading to a gauntlet.
 12851 | D:11     | Noticed a manticore
 12858 | D:11     | Killed a manticore
 12897 | Gauntlet | Entered a Gauntlet
 12897 | Gauntlet | Found a transporter.
 12906 | Gauntlet | Found a transporter.
 12906 | Gauntlet | Noticed an oklob plant
 12921 | Gauntlet | Found a transporter.
 12923 | Gauntlet | Found a large runed translucent door.
 12924 | Gauntlet | Found a large runed translucent door.
 12925 | Gauntlet | Found a large runed translucent door.
 12925 | Gauntlet | Found a large runed translucent door.
 12925 | Gauntlet | Found a runed translucent door.
 12926 | Gauntlet | Found a transporter.
 12927 | Gauntlet | Found a runed translucent door.
 12928 | Gauntlet | Found a large runed translucent door.
 12928 | Gauntlet | Found a large runed translucent door.
 12929 | Gauntlet | Found a large runed translucent door.
 12930 | Gauntlet | Found a large runed translucent door.
 12936 | Gauntlet | Found a large runed translucent door.
 12936 | Gauntlet | Found a large runed translucent door.
 12937 | Gauntlet | Found a large runed translucent door.
 12937 | Gauntlet | Found a large runed translucent door.
 12938 | Gauntlet | Found a large runed translucent door.
 12938 | Gauntlet | Found a large runed translucent door.
 12939 | Gauntlet | Found a runed translucent gate.
 12939 | Gauntlet | Found a runed translucent gate.
 12939 | Gauntlet | Found a runed translucent gate.
 12940 | Gauntlet | Noticed a catoblepas
 12941 | Gauntlet | Found a transporter.
 12951 | Gauntlet | Found a large runed translucent door.
 12952 | Gauntlet | Found a large runed translucent door.
 12960 | Gauntlet | Found a transporter.
 12960 | Gauntlet | Noticed a ghost crab
 12972 | Gauntlet | Found a transporter.
 12972 | Gauntlet | Noticed a blizzard demon
 12984 | Gauntlet | Found a transporter.
 12996 | Gauntlet | Found a transporter.
 12998 | Gauntlet | Noticed a glowing orange brain
 12999 | Gauntlet | Noticed a glowing orange brain
 13002 | Gauntlet | Noticed a purple ugly thing
 13008 | Gauntlet | Found a transporter.
 13025 | Gauntlet | Found a transporter.
 13043 | Gauntlet | Found a transporter.
 13045 | Gauntlet | Found a transporter.
 13072 | Gauntlet | Found a transporter.
 13072 | Gauntlet | Found a transporter.
 13174 | Gauntlet | Found a transporter.
 13174 | Gauntlet | Found a transporter.
 13196 | Gauntlet | Found a transporter.
 13652 | Gauntlet | Received a gift from Trog
 13824 | Gauntlet | Reached skill level 5 in Crossbows
 13880 | Gauntlet | Got a pair of ancient gloves
 13891 | Gauntlet | Identified the cursed +0 pair of gloves of the Cricket
                  | {*Slow MR++ Str+3 Dex-2} (You found it in a Gauntlet)
 13917 | Gauntlet | Identified the ring "Gecisch" {rC- MR+ Int+3}
 13917 | Gauntlet | Noticed a minotaur
 13956 | Gauntlet | Slain by a minotaur

Levels and vault maps discovered:
D:1:      saegor_arrival_simple_a, layout_loops_corners
D:2:      minmay_chambers_of_twos, layout_basic, first_ration
D:3:      layout_loops_corners, uniq_natasha, uniq_crazy_yiuf_cottage
D:4:      layout_basic, serial_shops, nicolae_shop_crystal, kennysheep_mini,
          nicolae_shop_trees, nicolae_shop_competitors_out_of_business,
          uniq_grinder
D:5:      layout_loops_cross, serial_shops, shop, shop, shop,
          nicolae_shop_waterfront, nrook_campfire, uniq_menkaure
D:6:      layout_basic, serial_shops, shop, minivault_22,
          kennysheep_generic_room_10, uniq_eustachio
D:7:      minmay_skewed_foursquare, layout_loops_ring, bloody_makhleb,
          temple_doors_ab, basic_altar, grunt_ogre_cave
D:8:      layout_loops_ring, lair_entry_dummy, uniq_pikel
D:9:      layout_rooms, lemuel_mausoleum_altar_kikubaaqudgha
D:10:     layout_basic, kennysheep_orc_monster_closet_entryway
D:11:     layout_basic, enter_bailey_2, gauntlet_entry_generic, serial_shops,
          kennysheep_little_box, serial_bayou_lagoon_b
Gauntlet: gammafunk_gauntlet_one_two_three [nicolae_gauntlet_swirl,
          gammafunk_gauntlet_arena_crates, gammafunk_gauntlet_arena_teeth,
          minmay_gauntlet_arena_make_your_own_arena,
          gammafunk_gauntlet_arena_hedges, gammafunk_gauntlet_arena_corners,
          nicolae_gauntlet_arena_blocks, gammafunk_gauntlet_arena_mazey,
          nicolae_gauntlet_arena_flowing_pool, gauntlet_exit_watery]

Skill      XL: |  1  2  3  4  5  6  7  8  9 10 11 |
---------------+----------------------------------+-----
Armour         | 1 2 3 5 7 8 |  8.2
Maces & Flails | 4 5 6 7 9 10 | 10.8
Dodging        | 3 |  3.7
Fighting       | 4 5 6 7 8 9 |  9.6
Evocations     | 1 2 3 4 5 |  5.0
Shields        | 1 3 5 |  5.0
Crossbows      | 3 5 |  5.0
Stealth        | |  2.1

Action                   |  1- 3 |  4- 6 |  7- 9 | 10-12 || total
-------------------------+-------+-------+-------+-------++-------
Melee: Mace              |   126 |    93 |    44 |       ||   263
       Spear             |       |    44 |    22 |       ||    66
       Flail             |       |       |    81 |       ||    81
       Morningstar       |       |       |   297 |   579 ||   876
 Fire: Hand crossbow     |       |       |    41 |    21 ||    62
Throw: Dart              |       |    12 |     9 |       ||    21
       Throwing net      |       |     2 |     2 |       ||     4
Invok: Berserk           |       |       |       |     4 ||     4
       Trog's Hand       |       |       |       |     4 ||     4
Evoke: Wand              |       |     4 |     4 |     4 ||    12
  Use: Scroll            |     3 |     6 |     8 |     9 ||    26
       Potion            |       |     1 |     4 |     3 ||     8
 Stab: Sleeping          |     3 |     2 |       |       ||     5
       Paralysed         |       |    11 |     3 |     8 ||    22
  Eat: Chunk             |     3 |     3 |     5 |     6 ||    17
       Ration            |       |     3 |     2 |     4 ||     9
Armor: Leather armour    |    61 |    39 |    16 |       ||   116
       Robe              |     2 |       |       |       ||     2
       Chain mail        |       |       |   273 |    53 ||   326
       Plate armour      |       |       |       |   251 ||   251
Dodge: Dodged            |    79 |    71 |   188 |   137 ||   475
Block: Buckler           |       |       |   110 |   219 ||   329
       Reflection        |       |       |       |     3 ||     3
